 Dungeon Crawl Stone Soup version 0.27.1-35-g4d5d836560 (console) character file.

Game seed: 17237465143890172825

4 grimtooth the Conjurer (level 1, 0/10 HPs)
             Began as a Tengu Conjurer on Mar 26, 2022.
             Slain by a kobold (3 damage)
             ... on level 1 of the Dungeon.
             The game lasted 00:02:56 (110 turns).

grimtooth the Conjurer (Tengu Conjurer)              Turns: 110, Time: 00:02:57

Health: 0/10       AC:  2    Str:  7    XL:     1   Next: 60%
Magic:  0/4        EV: 12    Int: 18    God:
Gold:   0          SH:  0    Dex: 12    Spells: 3/4 levels left

rFire    . . .     SeeInvis .   (no weapon)
rCold    . . .     Faith    .   (no shield)
rNeg     . . .     Spirit   .   a - +0 robe
rPois    .         Reflect  .   (helmet restricted)
rElec    .         Harm     .   (no cloak)
rCorr    .         Rampage  .   (no gloves)
Will     .....                  (boots unavailable)
Stlth    ++........             (no amulet)
HPRegen  0.03/turn              (no ring)
MPRegen  0.09/turn              (no ring)

@: no status effects
A: beak, talons 3
a: no special abilities


You were on level 1 of the Dungeon.
You visited 1 branch of the dungeon, and saw 1 of its levels.

Inventory:

Missiles
 b - 14 arrows
Armour
 a - a +0 robe (worn)
Scrolls
 c - a scroll of identify {unknown}


   Skills:
 - Level 2.1 Dodging
 - Level 2.0 Stealth
 + Level 2.1 Spellcasting
 + Level 5.4 Conjurations


You had 3 spell levels left.
You knew the following spells:

 Your Spells              Type           Power      Damage    Failure   Level
a - Magic Dart            Conj           84%        1d7       1%          1

Your spell library contained the following spells:

 Spells                   Type           Power      Damage    Failure   Level
 Searing Ray              Conj           42%        3d4       2%          2
 Dazzling Flash           Conj/Hex       22%        N/A       17%         3
 Fulminant Prism          Conj/Hex       5%         3d7       50%         4
 Iskenderun's Mystic Bla  Conj/Tloc      11%        2d4       50%         4


Dungeon Overview and Level Annotations

Branches:
Dungeon (1/15)

Altars:


Innate Abilities, Weirdness & Mutations

You have a beak for a mouth.
You have claws for feet.


Message History

The floor.
Casting: Magic Dart (safe; 1% risk of failure)
Confirm with . or Enter, or press ? or * to list all spells.
Aiming: Magic Dart (safe; 1% risk of failure)
Press: ? - help, Shift-Dir - straight line, f/p - gnoll
Aim: a gnoll, wielding a +0 spear (severely wounded, 100% to hit)
The magic dart hits the hobgoblin but does no damage.
The hobgoblin hits you.
A kobold comes into view.
It is wielding a +3 short sword of speed.
Press: ? - help, v - describe, . - travel Some lava.
There is a cloud of black smoke here.
Enter note: - oops Why would you want to do that?
Press: ? - help, v - describe, . - travel Some lava.
There is a cloud of black smoke here.
Casting: Magic Dart (safe; 1% risk of failure)
Confirm with . or Enter, or press ? or * to list all spells.
Aiming: Magic Dart (safe; 1% risk of failure)
Press: ? - help, Shift-Dir - straight line, f - hobgoblin
Aim: a hobgoblin (black smoke, 100% to hit)
The magic dart hits the hobgoblin.
You kill the hobgoblin!
Casting: Magic Dart (safe; 1% risk of failure)
Confirm with . or Enter, or press ? or * to list all spells.
You don't have enough magic to cast this spell.
The kobold hits you with a +3 short sword of speed.
Press: ? - help, v - describe, . - travel, g - get item
Here: a kobold, wielding a +3 short sword of speed Item here: a hobgoblin corpse.
The floor.
Enter note: - and the +3 swordof speed and a gnollbehind You hit the kobold but do no damage.
Your peck misses the kobold.
The kobold hits you with a +3 short sword of speed.
* * * LOW HITPOINT WARNING * * *
You barely miss the kobold. Your kick misses the kobold.
The gnoll completely misses you.
The kobold hits you with a +3 short sword of speed.
You die...

####.# ##.... #....#
#......... #.#..# ...# #..
#.#..#####.####..
#.#...#§≈≈.≈≈≈#..
#.#...'.≈≈≈≈≈.+.#
#.#.###≈.....≈#.# # #.$##
#≈≈.<.≈§#.#######.#
#.#.###§.....§#.†.......##.
#.....+.≈§≈≈≈.'.##........#
##..#.#§≈≈@≈≈≈###...####.#
#[.######K#####..#..#..[#
#..##.# #g.#....###...#S#
#..##.####.#..#g.#..### .#
#.....g.K..#..##...######.
#.###..#.###..............
#. #..###.###.###g########
.. #.## #.## #.# ### #. ...
#.# ## ##. #g# . ..S


You could see a gnoll and a kobold.

Vanquished Creatures
  A goblin (D:1)
  A hobgoblin (D:1)
  A quokka (D:1)
3 creatures vanquished.

Notes
Turn   | Place    | Note
-------+----------+-------------------------------------------
     0 | D:1      | grimtooth the Tengu Conjurer began the quest for the Orb.
     0 | D:1      | Reached XP level 1. HP: 10/10 MP: 4/4
   106 | D:1      | - oops
   109 | D:1      | - and the +3 swordof speed and a gnollbehind
   110 | D:1      | Slain by a kobold

Illustrated notes #....# #......... #.#..# ...# #.. #.#..#####.####.. #.#...#≈≈≈.≈≈≈#.. #.#...'.≈≈≈≈≈§+.# #.#.###§§..§§§#.# # #.$## #§≈.<.≈§#.#######.# #.#.###§....§§#.†g......##. #.....+.≈§≈§≈§'.##........# ##..#.#≈≈≈.§§§###...####.# #[.######@#####..#..#..[# #..##.# #g§#....###...#S# #..##.####.#..#g.#..### .# #.....g.K..#..##...######. #.###..#.###.............. #. #..###.###.###g######## .. #.## #.## #.# ### #. ... #.# ## ##. #g# . ..S ### Turn 106 on D:1: - oops

####.# ##.... #....#
#......... #.#..# ...# #..
#.#..#####.####..
#.#...#§≈≈.≈≈≈#..
#.#...'.≈≈≈≈≈.+.#
#.#.###≈.....≈#.# # #.$##
#≈≈.<.≈≈#.#######.#
#.#.###≈.....§#.†.......##.
#.....+.≈§≈§≈.'.##........#
##..#.#§≈≈@≈≈≈###...####.#
#[.######K#####..#..#..[#
#..##.# #..#....###...#S#
#..##.####g#..#g.#..### .#
#.....g.K..#..##...######.
#.###..#.###..............
#. #..###.###.###g########
.. #.## #.## #.# ### #. ...
#.# ## ##. #g# . ..S


Turn 109 on D:1: - and the +3 swordof speed and a gnollbehind

Levels and vault maps discovered:
D:1:      ncdulo_lavacross, layout_loops_ring

Action                   || total
-------------------------++-------
Melee: Unarmed           ||     2
 Cast: Magic Dart        ||     9
Armor: Robe              ||     1
Dodge: Dodged            ||     4
